 Dungeon Crawl Stone Soup version 0.29.1-14-g9c671dbff4 (webtiles) character file.

Game seed: 6688719233671109928

2132 sanboga the Chopper (level 9, -6/56 HPs)
             Began as a Gargoyle Fighter on Feb 20, 2023.
             Was an Initiate of Trog.
             Mangled by a red ugly thing (18 damage)
             ... on level 6 of the Dungeon.
             The game lasted 00:08:18 (6709 turns).

sanboga the Chopper (Gargoyle Fighter)              Turns: 6709, Time: 00:08:19

Health: -6/56      AC: 20    Str: 29    XL:     9   Next: 30%
Magic:  9/9        EV:  6    Int:  9    God:    Trog [......]
Gold:   106        SH:  9    Dex:  9    Spells: 8/8 levels left

rFire   . . .      SeeInvis .   a - +0 war axe
rCold   . . .      Faith    .   e - +0 kite shield of Bitterness {rElec Str+5 Slay+3}
rNeg    + . .      Spirit   .   r - +0 plate armour
rPois   ∞          Reflect  .   (no helmet)
rElec   +          Harm     .   c - +0 cloak
rCorr   .          Rampage  .   (no gloves)
Will    .....                   (no boots)
Stlth   ..........              (no amulet)
HPRegen 0.18/turn               l - ring of flight
MPRegen 0.11/turn               (no ring)

@: flying
A: sickness immunity, AC +6, negative energy resistance 1, electricity
resistance, torment resistance 1, petrification resistance
a: Renounce Religion


You were on level 6 of the Dungeon.
You worshipped Trog.
Trog was noncommittal.
You visited 2 branches of the dungeon, and saw 7 of its levels.
You also visited: Sewer.

You collected 340 gold pieces.
You spent 234 gold pieces at shops.

Inventory:

Hand Weapons
 a - a +0 war axe (weapon)
Armour
 c - a +0 cloak (worn)
 e - the +0 kite shield of Bitterness (worn) {rElec Str+5 Slay+3}
   (You found it on level 5 of the Dungeon)

   Str:       It affects your strength (+5).
   Slay:      It affects your accuracy & damage with ranged weapons and melee
   (+3).
   rElec:     It insulates you from electricity.
 r - a +0 plate armour (worn)
Jewellery
 l - a ring of flight (left hand)
Wands
 b - a wand of flame (13)
 n - a wand of light (2)
 u - a wand of polymorph (8)
 x - a wand of charming (4)
Scrolls
 g - 2 scrolls of magic mapping
 m - 3 scrolls of enchant weapon
 s - 2 scrolls of blinking
 y - 3 scrolls of teleportation {unknown}
 A - a scroll of fear
Potions
 d - 2 potions of might
 k - 2 potions of berserk rage
 p - a potion of heal wounds
 t - a potion of resistance
 v - a potion of curing
 w - a potion of mutation
 z - a potion of invisibility


   Skills:
 + Level 6.7 Fighting
 * Level 7.2 Axes
 + Level 6.7 Armour
 + Level 6.7 Shields


You had 8 spell levels left.
You didn't know any spells.
Your spell library contained the following spells:

 Spells                   Type           Power      Damage    Failure   Level
 Call Canine Familiar     Summ           0%         N/A       100%        3
 Confusing Touch          Hex            0%         N/A       100%        3
 Portal Projectile        Hex/Tloc       0%         N/A       100%        3
 Animate Dead             Necr           0%         N/A       100%        4
 Leda's Liquefaction      Hex/Erth       0%         N/A       100%        4
 Yara's Violent Unravell  Hex/Tmut       0%         3d3       100%        5
 Enfeeble                 Hex            0%         N/A       100%        7
 Haunt                    Necr/Summ      0%         N/A       100%        7
 Infestation              Necr           0%         N/A       100%        8


Dungeon Overview and Level Annotations

Branches:
Dungeon (6/15)             Temple (1/1) D:6           Sewer (visited)

Altars:
Ashenzari
Cheibriados
Dithmenos
Elyvilon
Fedhas
Gozag
Hepliaklqana
Kikubaaqudgha
Nemelex Xobeh
Qazlal
Ru
Trog
Uskayaw
Vehumet
Yredelemnul
The Shining One

Shops:
D:5 ?   D:6 *

Annotations:
D:6 yourfavgirlally's ghost, novice DrCj


Innate Abilities, Weirdness & Mutations

You are immune to sickness and miasma.
Your stone body is resilient. (AC +6)
You are immune to poison.
You resist negative energy. (rN+)
You are resistant to electric shocks. (rElec)
You are resistant to unholy torment.
You are immune to petrification.


Message History

Your attacks no longer feel as feeble.
The gnoll sergeant is no longer moving quickly.
You start resting.
Yourfavgirlally's ghost is bathed in the radiant lights of Iskenderun.
You feel yourself speed up.
You start resting.
You recover from your berserk rage.
You start resting.
Yourfavgirlally's ghost whispers, "The ORB doesn't exist."
Yourfavgirlally's ghost says, "I will blast you to bits."
Yourfavgirlally's ghost whispers, "Death is liberation."
Yourfavgirlally's ghost says, "What do you have that I didn't have?"
Yourfavgirlally's ghost screams, "You will never get the ORB!"
Yourfavgirlally's ghost shrieks, "You will join me soon!"
Yourfavgirlally's ghost whispers, "Meet the emptiness of death!"
Yourfavgirlally's ghost shrieks, "You must not succeed where I failed!"
Yourfavgirlally's ghost keens inconsolably.
Yourfavgirlally's ghost wails, "Do you think the gods will protect you?"
HP restored.
Press: ? - help, . - travel You can't see that place. [a transporter.] Yourfavgirlally's ghost screams, "I have seen your future, and it is all used up."
Yourfavgirlally's ghost keens inconsolably.
There is a transporter here.
You enter the transporter and appear at another place.
Yourfavgirlally's ghost casts a spell at you.
The magic dart hits you but does no damage.
The gnoll sergeant hits you from afar with a +1 spear of pain.
The red ugly thing attacks as you move away!
You block the red ugly thing's attack. You block the gnoll sergeant's attack.
Items here: ! ) [ ÷.
Yourfavgirlally's ghost attacks as you move away!
Yourfavgirlally's ghost hits you but does no damage.
The red ugly thing attacks as you move away!
The red ugly thing stings you!
You are engulfed in flames!!
The red ugly thing stings you!
* * * LOW HITPOINT WARNING * * *
You are engulfed in flames!!
You die...

.......# #...#########...#...#..
.......####..##.......##..##..#..
####'##......#8.......8#..##..###
#...#......#.........#.........
#...#......#.........#.........
#...#.....©#..g.©....#©........
#######......#........[#÷.#..###.
........#'#..#.Wu......#..#..###.
......).#....#8.@.....8#.........
........+....##©......##.........
...)....##....#########...##+##..
...)(#####.................#.##..
..)..#..#..................#.....
.....#..#........#.........#.....
.....#..#........#.........'.....
.....#.###########.........###...
))..##.#.....#.....#####.....#...


You could see a red ugly thing, a gnoll sergeant and yourfavgirlally's ghost.

Vanquished Creatures
  A troll (D:6)
  Grinder (D:3)
  2 water moccasins
  A sky beast (D:6)
  Pargi (Sewer)
  2 ice beasts
  2 black bears (D:6)
  An ogre (D:6)
  A phantom (D:5)
  A gnoll sergeant (D:6)
  2 scorpions
  A necrophage (D:5)
  2 hounds
  A jelly (D:6)
  An orc priest (D:4)
  3 gnoll boudas
  An iguana (D:6)
  3 orc wizards
  Ijyb (D:4)
  10 gnolls
  7 adders
  A shadow imp (D:5)
  2 ufetubi
  2 worms
  A dart slug (D:2)
  4 orcs
  7 ball pythons
  11 bats
  4 endoplasms
  3 giant cockroaches
  3 hobgoblins
  2 jackals (D:1)
  9 kobolds
  3 quokkas
  A frilled lizard (D:3)
  2 goblins (D:2)
  6 rats
106 creatures vanquished.

Vanquished Creatures (others)
  2 plants (D:6)
2 creatures vanquished.

Grand Total: 108 creatures vanquished

Notes
Turn   | Place    | Note
-------+----------+-------------------------------------------
     0 | D:1      | sanboga the Gargoyle Fighter began the quest for the Orb.
     0 | D:1      | Reached XP level 1. HP: 14/14 MP: 1/1
    49 | D:1      | Found a faded altar of an unknown god.
    89 | D:1      | Reached skill level 2 in Axes
   175 | D:1      | Reached XP level 2. HP: 19/19 MP: 2/2
   936 | D:2      | Reached XP level 3. HP: 13/23 MP: 3/3
  1776 | D:3      | Noticed Grinder
  1782 | D:3      | Paralysed by Grinder for 5 turns
  1798 | D:3      | Paralysed by Grinder for 4 turns
  1811 | D:3      | Killed Grinder
  1812 | D:3      | Reached skill level 3 in Axes
  1812 | D:3      | Reached XP level 4. HP: 9/30 MP: 4/4
  1812 | D:3      | Reached XP level 5. HP: 11/34 MP: 5/5
  1812 | D:3      | Reached XP level 6. HP: 12/39 MP: 6/6
  2108 | D:3      | Found a broken altar of Ashenzari.
  2457 | D:4      | Reached skill level 4 in Axes
  2470 | D:4      | Found a glowing drain.
  2474 | Sewer    | Entered a sewer
  2718 | Sewer    | Noticed Pargi
  2729 | Sewer    | Killed Pargi
  2912 | D:4      | Found a sacrificial altar of Ru.
  2948 | D:4      | Noticed Ijyb
  2965 | D:4      | Killed Ijyb
  2966 | D:4      | Reached XP level 7. HP: 31/44 MP: 7/7
  3665 | D:5      | Entered Level 5 of the Dungeon
  3676 | D:5      | Reached skill level 5 in Fighting
  3676 | D:5      | Reached skill level 5 in Armour
  3676 | D:5      | Reached skill level 5 in Shields
  3815 | D:5      | Reached skill level 5 in Axes
  4037 | D:5      | Found Guoss's Magic Scroll Shop.
  4043 | D:5      | Reached XP level 8. HP: 42/49 MP: 8/8
  4049 | D:5      | Bought a scroll of identify for 24 gold pieces
  4058 | D:5      | Bought a scroll of amnesia for 48 gold pieces
  4058 | D:5      | Bought a scroll of immolation for 48 gold pieces
  4058 | D:5      | Bought a scroll of magic mapping for 90 gold pieces
  4058 | D:5      | Bought a scroll of identify for 24 gold pieces
  4103 | D:5      | Identified the +0 kite shield of Bitterness {rElec Str+5
                  | Slay+3}
  4517 | D:6      | Noticed a troll
  4529 | D:6      | Killed a troll
  4530 | D:6      | Reached skill level 6 in Axes
  4722 | D:6      | Noticed a red ugly thing
  4723 | D:6      | Noticed yourfavgirlally's ghost (novice DrCj)
  4750 | D:6      | Found Goashin's Assorted Antiques.
  4907 | D:6      | Found a transporter.
  4915 | D:6      | Found a transporter.
  5263 | D:6      | Identified the +4 sling "Bilutaerro" {freeze, Str+4 Stlth+}
  5303 | D:6      | Reached XP level 9. HP: 51/56 MP: 9/9
  5469 | D:6      | Found a staircase to the Ecumenical Temple.
  5610 | Temple   | Entered the Ecumenical Temple
  5629 | Temple   | Became a worshipper of Trog the Wrathful
  6142 | D:6      | Reached skill level 7 in Axes
  6709 | D:6      | Mangled by a red ugly thing

Illustrated notes

Levels and vault maps discovered:
D:1:      lightli_arrival_noodles, layout_basic,
          hellmonk_ecumenical_altar_zigzags
D:2:      layout_loops_ring, st_stairs_1, minmay_pentomino_t4
D:3:      layout_rooms, mainiacjoe_overflow_tiny_flanked, minivault_25,
          uniq_grinder
D:4:      layout_cave_pools, mainiacjoe_overflow_six_doors_small,
          gup_sewer_entry_bowl, uniq_ijyb
D:5:      layout_loops_ring, serial_shops, shop
D:6:      layout_gridville, temple_green, serial_shops,
          nicolae_shop_overgrown_old_shop, gammafunk_ghost_arena
Temple:   eino_temple_water

Skill      XL: |  1  2  3  4  5  6  7  8  9 |
---------------+----------------------------+-----
Axes           | 2 3 4 5 6 7 |  7.2
Fighting       | 4 5 6 |  6.7
Armour         | 4 5 6 |  6.7
Shields        | 4 5 6 |  6.7

Action                   |  1- 3 |  4- 6 |  7- 9 || total
-------------------------+-------+-------+-------++-------
Melee: War axe           |    94 |    59 |   187 ||   340
  Use: Scroll            |       |     1 |    14 ||    15
       Potion            |       |     1 |     3 ||     4
Armor: Scale mail        |    68 |    55 |       ||   123
       Plate armour      |       |       |   195 ||   195
Dodge: Dodged            |    36 |    45 |    53 ||   134
Block: Buckler           |    27 |    22 |    14 ||    63
       Kite shield       |       |       |    79 ||    79
